[Event "December 12 Early 2023"]
[Site "https://www.chess.com"]
[Date "2023.12.12"]
[Round "10"]
[White "Kraiouchkine, Nikita"]
[Black "Bach Ngoc Thuy Duong"]
[Result "1-0"]
[Board "93"]
[TimeControl "180+1"]
[WhiteFideId "2607140"]
[BlackFideId "12408956"]
[WhiteElo "2489"]
[BlackElo "2404"]
[WhiteTeam "CAN"]
[BlackTeam "VIE"]
[WhiteClock "0:00:05"]
[BlackClock "0:00:00"]

1. e4 c5 2. Nf3 d6 3. d4 cxd4 4. Nxd4 Nf6 5. Nc3 a6 6. Bc4 e6 7. O-O Qc7 8. Bb3 Nbd7 9. Bxe6 fxe6 10. Nxe6 Qc4 11. Nd5 Nxd5 12. exd5 Kf7 13. b3 Qc3 14. Be3 Nf6 15. Bd4 Qa5 16. Bxf6 Bxe6 17. dxe6+ Kxf6 18. Qf3+ Qf5 19. Qxb7 Be7 20. Rfe1 Rhb8 21. Qd7 Qb5 22. Re3 Qxd7 23. exd7 Kf7 24. Rae1 Bf6 25. Rd3 Be5 26. f4 Bf6 27. Rxd6 Rd8 28. Kf2 Ra7 29. Red1 Ke7 30. Kf3 Rdxd7 31. Rxd7+ Rxd7 32. Re1+ Kd8 33. Re2 Kc7 34. g4 Kb7 35. g5 Bc3 36. h4 Bb4 37. f5 Rd4 38. Re4 Rxe4 39. Kxe4 Kc6 40. Ke5 Kd7 41. f6 gxf6+ 42. Kxf6 Bc3+ 43. Kf7 Be1 44. h5 1-0

[Event "December 12 Early 2023"]
[Site "https://www.chess.com"]
[Date "2023.12.12"]
[Round "10"]
[White "Balla, Tamas-Kristof"]
[Black "Kochiev, Ivan"]
[Result "0-1"]
[Board "94"]
[TimeControl "180+1"]
[WhiteFideId "1208497"]
[BlackFideId "2917890"]
[WhiteElo "2392"]
[BlackElo "2477"]
[WhiteTeam "ROU"]
[BlackTeam "BUL"]
[WhiteClock "0:00:24"]
[BlackClock "0:01:15"]

1. e4 e5 2. Nf3 Nf6 3. Nxe5 Nc6 4. Nxc6 dxc6 5. d3 Bc5 6. Be2 h5 7. c3 Ng4 8. d4 Qh4 9. g3 Qf6 10. O-O Bb6 11. e5 Qe7 12. Nd2 Be6 13. Ne4 Qd8 14. Bg5 Qd7 15. a4 a5 16. b4 axb4 17. cxb4 Qxd4 18. Qc2 Qxe5 19. a5 Bxf2+ 20. Rxf2 Nxf2 21. Kxf2 Qxa1 22. Qc5 f6 23. b5 fxg5 24. bxc6 Rf8+ 25. Kg2 Rf1 26. Bxf1 Bh3+ 27. Kxh3 Qxf1# 0-1

[Event "December 12 Early 2023"]
[Site "https://www.chess.com"]
[Date "2023.12.12"]
[Round "10"]
[White "Zhuk, Valeriy"]
[Black "Kotyk, Michael"]
[Result "0-1"]
[Board "95"]
[TimeControl "180+1"]
[WhiteFideId "24151254"]
[BlackFideId "16214501"]
[WhiteElo "2391"]
[BlackElo "2466"]
[WhiteTeam "RUS"]
[BlackTeam "GER"]
[WhiteClock "0:00:00"]
[BlackClock "0:00:21"]

1. Nf3 Nf6 2. c4 g6 3. Nc3 Bg7 4. e4 d6 5. d4 O-O 6. Be2 e5 7. d5 a5 8. Bg5 Na6 9. Nd2 Nc5 10. b3 h6 11. Be3 b6 12. a3 Nh7 13. Rb1 f5 14. f3 f4 15. Bf2 g5 16. Qc2 h5 17. b4 axb4 18. axb4 Nd7 19. Nb5 Ba6 20. c5 bxc5 21. bxc5 Ndf6 22. cxd6 cxd6 23. Nc7 Rc8 24. Bxa6 Rxc7 25. Qd3 Nd7 26. Ke2 Nc5 27. Bxc5 Rxc5 28. Rhc1 Rxc1 29. Rxc1 g4 30. Bc8 Qh4 31. Nf1 gxf3+ 32. gxf3 Kh8 33. Rc7 Qg5 34. Kf2 Bf6 35. Bf5 Qh4+ 36. Ke2 Ng5 37. Qc3 Bd8 38. Rd7 Bb6 39. Qe1 Qxe1+ 40. Kxe1 Nxf3+ 41. Kd1 Bc5 42. Rh7+ Kg8 43. Rxh5 Ra8 44. Be6+ Kg7 45. Bf5 Ra1+ 46. Ke2 Nd4+ 47. Kd3 Rxf1 48. Rh7+ Kf6 49. Rh6+ Kg7 50. Rh7+ Kg8 51. Bg6 Rg1 0-1

[Event "December 12 Early 2023"]
[Site "https://www.chess.com"]
[Date "2023.12.12"]
[Round "10"]
[White "Silvestre, Christian"]
[Black "Kiremitciyan, Ari"]
[Result "0-1"]
[Board "96"]
[TimeControl "180+1"]
[WhiteFideId "30956269"]
[BlackFideId "6373445"]
[WhiteElo "2344"]
[BlackElo "2460"]
[WhiteTeam "USA"]
[BlackTeam "TUR"]
[WhiteClock "0:00:14"]
[BlackClock "0:01:33"]

1. e4 c6 2. Nc3 d5 3. Nf3 dxe4 4. Nxe4 Nf6 5. Nxf6+ exf6 6. Bc4 Bd6 7. O-O O-O 8. h3 Re8 9. Re1 Rxe1+ 10. Qxe1 Nd7 11. d4 Nf8 12. c3 a5 13. a4 Be6 14. Bxe6 Nxe6 15. Bd2 Qd7 16. Qe4 Re8 17. Re1 Nc7 18. Qd3 Rxe1+ 19. Nxe1 b6 20. b3 h5 21. Qe2 g6 22. Nd3 Qf5 23. g4 hxg4 24. hxg4 Qd5 25. Nc1 Ne6 26. Be3 f5 27. c4 Qe4 28. f3 Qb1 29. gxf5 Qxf5 30. Nd3 Ng5 31. Bxg5 Qxg5+ 32. Qg2 Qf6 33. Qg4 Kg7 34. Qe4 Bc7 35. Nf4 Qxf4 36. Qxf4 Bxf4 37. d5 cxd5 38. cxd5 Kf6 39. Kf1 Ke5 40. Ke2 Kxd5 41. Kd3 f5 42. Ke2 g5 0-1

[Event "December 12 Early 2023"]
[Site "https://www.chess.com"]
[Date "2023.12.12"]
[Round "10"]
[White "Mestnikov, Aisen"]
[Black "Ernst, Luca"]
[Result "1-0"]
[Board "97"]
[TimeControl "180+1"]
[WhiteFideId "34130117"]
[BlackFideId "45117055"]
[WhiteElo "2456"]
[BlackElo "2336"]
[WhiteTeam "RUS"]
[BlackTeam "FRA"]
[WhiteClock "0:00:58"]
[BlackClock "0:00:03"]

1. d4 Nf6 2. c4 g6 3. Nc3 d5 4. Nf3 Bg7 5. h4 Bg4 6. Ne5 Bf5 7. h5 Nc6 8. h6 Bf8 9. Bf4 e6 10. Qa4 Rc8 11. Nxc6 Qd7 12. Ne5 Qxa4 13. Nxa4 dxc4 14. Nc3 c5 15. dxc5 Bxc5 16. f3 Bb4 17. e4 Bxe4 18. fxe4 Nxe4 19. Bd2 Nxd2 20. Kxd2 b5 21. Kc2 f6 22. Nf3 a6 23. a4 Bxc3 24. bxc3 Ke7 25. axb5 axb5 26. Rb1 Rc5 27. Nd4 Rb8 28. Be2 e5 29. Nf3 Ke6 30. Rhd1 g5 31. g4 Rc6 32. Rb4 Rc5 33. Rdb1 Ra8 34. Rxb5 Ra2+ 35. R5b2 Rxb2+ 36. Rxb2 Kd5 37. Rb4 Ke4 38. Nd2+ Kf4 39. Rxc4+ Rxc4 40. Nxc4 e4 41. Kd2 Kg3 42. Ke3 Kh4 43. Kxe4 f5+ 44. Kxf5 Kg3 45. Kxg5 Kf2 46. Kf6 Kxe2 47. Kg7 Kd3 1-0

[Event "December 12 Early 2023"]
[Site "https://www.chess.com"]
[Date "2023.12.12"]
[Round "10"]
[White "Dmitrenko, Viktor"]
[Black "Filippova, Margarita"]
[Result "0-1"]
[Board "98"]
[TimeControl "180+1"]
[WhiteFideId "14110270"]
[BlackFideId "34199680"]
[WhiteElo "2453"]
[BlackElo "2333"]
[WhiteTeam "UKR"]
[BlackTeam "RUS"]
[WhiteClock "0:00:00"]
[BlackClock "0:00:32"]

1. e4 e5 2. Nf3 Nc6 3. Bc4 Nf6 4. d3 h6 5. O-O g5 6. d4 exd4 7. e5 d5 8. Bb5 Ne4 9. Nxd4 Bd7 10. Bxc6 bxc6 11. Qh5 Qe7 12. e6 Bxe6 13. Nxc6 Qd6 14. Nd4 Bg7 15. Nxe6 Qxe6 16. Nd2 O-O 17. Nxe4 dxe4 18. c3 f5 19. h4 f4 20. hxg5 hxg5 21. Qxg5 f3 22. Re1 Rae8 23. Be3 Rf5 24. Qg4 Qf7 25. Bd4 Re6 26. Rxe4 Rg6 27. Qh4 Rxg2+ 28. Kf1 Rfg5 29. Ke1 c5 30. Bxg7 Kxg7 31. Kd2 Qd5+ 32. Ke3 c4 33. Kxf3 R2g4 0-1

[Event "December 12 Early 2023"]
[Site "https://www.chess.com"]
[Date "2023.12.12"]
[Round "10"]
[White "YurasovMat-2012"]
[Black "Santos, Rafael Ventura Dos"]
[Result "1-0"]
[Board "99"]
[TimeControl "180+1"]
[BlackFideId "2122227"]
[WhiteElo "2453"]
[BlackElo "2302"]
[BlackTeam "BRA"]
[WhiteClock "0:01:02"]
[BlackClock "0:00:18"]

1. e4 c5 2. Nf3 d6 3. Bb5+ Bd7 4. Bxd7+ Qxd7 5. d4 Nc6 6. O-O cxd4 7. Nxd4 g6 8. Nc3 Bg7 9. Be3 Nf6 10. f3 O-O 11. Qe2 Rfc8 12. Rad1 a6 13. Nxc6 Qxc6 14. a3 b5 15. Bd4 Qc4 16. Qd2 a5 17. b3 Qc6 18. Rc1 b4 19. axb4 axb4 20. Ne2 e5 21. Be3 d5 22. Qxb4 dxe4 23. c4 exf3 24. Rxf3 Ne4 25. Rd1 Rcb8 26. Qe7 Qe8 27. Qxe8+ Rxe8 28. b4 Ra4 29. Rb1 Rb8 30. b5 Rxc4 31. b6 Rc2 32. Ng3 Nd6 33. Nf1 e4 34. Rf2 Rxf2 35. Bxf2 f5 36. Bc5 Nc4 37. Rb4 Na5 38. Rb5 Nb7 39. Be3 Be5 40. Rxe5 1-0

[Event "December 12 Early 2023"]
[Site "https://www.chess.com"]
[Date "2023.12.12"]
[Round "10"]
[White "Nasybullina, Alfia"]
[Black "Khromkin, Andrey"]
[Result "1-0"]
[Board "100"]
[TimeControl "180+1"]
[WhiteFideId "4132416"]
[BlackFideId "4154126"]
[WhiteElo "2297"]
[BlackElo "2451"]
[WhiteTeam "KAZ"]
[BlackTeam "RUS"]
[WhiteClock "0:01:37"]
[BlackClock "0:00:14"]

1. d4 d5 2. Nf3 a6 3. Bf4 b5 4. c3 Nd7 5. Nbd2 e6 6. e4 dxe4 7. Nxe4 Bb7 8. Bd3 Ngf6 9. Qe2 Nd5 10. Bg3 N7f6 11. O-O Bd6 12. Nxd6+ cxd6 13. Rfe1 O-O 14. Ng5 h6 15. Ne4 Ra7 16. Nxd6 Ba8 17. Ne4 Nxe4 18. Bxe4 Nf6 19. Bxa8 Qxa8 20. Be5 Nd5 21. Qf3 f5 22. Re2 f4 23. Rae1 Qc8 24. Bd6 Rf6 25. Qg4 f3 26. Rxe6 Rxe6 27. Qxe6+ Qxe6 28. Rxe6 fxg2 29. Be5 Kf7 30. Rc6 Ne7 31. Rc7 Rxc7 32. Bxc7 Ke6 33. Kxg2 Nd5 34. Be5 g6 35. Kf3 Nb6 36. Ke4 Na4 37. d5+ Kd7 38. b3 Nc5+ 39. Kd4 Nb7 40. c4 bxc4 41. bxc4 Na5 42. c5 1-0

[Event "December 12 Early 2023"]
[Site "https://www.chess.com"]
[Date "2023.12.12"]
[Round "10"]
[White "Rodriguez Avila, Alvaro"]
[Black "Pourkashiyan, Atousa"]
[Result "1-0"]
[Board "101"]
[TimeControl "180+1"]
[WhiteFideId "24570249"]
[BlackFideId "12502014"]
[WhiteElo "2276"]
[BlackElo "2447"]
[WhiteTeam "ESP"]
[BlackTeam "USA"]
[WhiteClock "0:00:14"]
[BlackClock "0:00:32"]

1. e4 c5 2. Nf3 e6 3. d4 cxd4 4. Nxd4 a6 5. Bd3 Nf6 6. O-O Qc7 7. Qe2 Bc5 8. Nb3 Be7 9. c4 d6 10. Nc3 Nc6 11. f4 O-O 12. Be3 Re8 13. Rac1 Bd7 14. Nd5 exd5 15. cxd5 Ng4 16. dxc6 bxc6 17. Bd2 Bf6 18. h3 Nh6 19. Bc3 Bxc3 20. Rxc3 Nf5 21. Qf2 Ne7 22. Nd4 Qa7 23. Rd1 Rab8 24. Rc2 Ng6 25. Nb3 Qxf2+ 26. Rxf2 c5 27. e5 dxe5 28. Bxg6 Be6 29. Bb1 exf4 30. Nxc5 g5 31. Nxa6 Rbc8 32. Nb4 Kg7 33. Rfd2 f3 34. gxf3 Bxh3 35. Rh2 g4 36. fxg4 Re3 37. Bd3 Rd8 38. Kf2 Rde8 39. Rdh1 Bxg4 40. Rxh7+ Kf6 41. Nd5+ Kg5 42. Nxe3 f5 43. Rg7+ Kf4 44. Nxg4 fxg4 45. Rh4 Rb8 46. Rhxg4+ Ke5 47. R7g5+ Kf6 48. Rf5+ Ke6 49. Rg6+ Ke7 50. b3 Ra8 51. Bc4 Rxa2+ 52. Ke3 Ra1 53. Rf7+ 1-0

[Event "December 12 Early 2023"]
[Site "https://www.chess.com"]
[Date "2023.12.12"]
[Round "10"]
[White "Osmonbekov, Talaibek"]
[Black "Goldin, Roman"]
[Result "1-0"]
[Board "102"]
[TimeControl "180+1"]
[WhiteFideId "2017253"]
[BlackFideId "2803860"]
[WhiteElo "2244"]
[BlackElo "2438"]
[WhiteTeam "USA"]
[BlackTeam "ISR"]
[WhiteClock "0:00:42"]
[BlackClock "0:00:00"]

1. d4 Nf6 2. Nc3 d5 3. Bf4 c5 4. e3 a6 5. Nf3 Bg4 6. h3 Bxf3 7. Qxf3 e6 8. g4 cxd4 9. exd4 Nc6 10. O-O-O Qa5 11. g5 Ne4 12. Nxe4 dxe4 13. Qb3 Nb4 14. a3 Nd5 15. Qxb7 Rd8 16. Bxa6 Bxa3 17. Qb5+ Qxb5 18. Bxb5+ Ke7 19. Be5 f6 20. gxf6+ gxf6 21. bxa3 fxe5 22. dxe5 Nc3 23. Rxd8 Rxd8 24. Bc4 Rc8 25. Bb3 Nb5 26. Kb2 Nd4 27. Re1 Nf3 28. Rxe4 Ng5 29. Rg4 h6 30. h4 Nf7 31. Rg6 Rc6 32. f4 h5 33. Rg7 Kf8 34. Rh7 Kg8 35. Rxh5 Kg7 36. f5 exf5 37. Rxf5 Nh6 38. Rg5+ 1-0

[Event "December 12 Early 2023"]
[Site "https://www.chess.com"]
[Date "2023.12.12"]
[Round "10"]
[White "Mizzi, Jack"]
[Black "Sailer, Mike"]
[Result "1/2-1/2"]
[Board "103"]
[TimeControl "180+1"]
[WhiteFideId "5602521"]
[BlackFideId "2012901"]
[WhiteElo "2434"]
[BlackElo "2086"]
[WhiteTeam "MLT"]
[BlackTeam "USA"]
[WhiteClock "0:00:07"]
[BlackClock "0:00:13"]

1. d4 d5 2. g3 Nf6 3. Bg2 e6 4. h4 c5 5. c3 Nc6 6. Nf3 Be7 7. h5 h6 8. Nbd2 b6 9. Ne5 Nxe5 10. dxe5 Nd7 11. Nf3 Bb7 12. g4 Qc7 13. Bf4 a5 14. Qc2 a4 15. c4 dxc4 16. Qxc4 Bd5 17. Qc2 Qc6 18. Nd4 Qb7 19. Nf3 Be4 20. Qc3 b5 21. Rd1 b4 22. Qe3 c4 23. Qd4 Bd5 24. O-O Bc5 25. Qd2 Rc8 26. Rfe1 Qb6 27. e4 Bc6 28. Qc2 O-O 29. g5 b3 30. axb3 cxb3 31. Qd2 Bb4 32. Qc1 Bxe1 33. gxh6 Qxf2+ 34. Kh1 Bxe4 35. Qe3 Bxf3 36. Bxf3 Qxe3 37. Bxe3 Bg3 38. Rxd7 Bxe5 39. hxg7 Bxg7 40. Rd2 Rc2 41. Rd1 Bxb2 42. Rg1+ Kh8 43. Bf4 Rg8 44. Rf1 a3 45. Be4 Re2 46. Bd3 Reg2 47. Bc4 a2 48. Bxb3 a1=Q 49. Rxa1 Bxa1 50. Ba4 Ra2 51. Bb5 Rb8 52. Bxb8 Rb2 53. Be5+ f6 54. Bxf6+ Kh7 55. Bd3+ Kg8 56. Bxb2 Bxb2 57. Kg2 Bf6 58. Bg6 Kg7 59. Kf3 Kh6 60. Ke4 Bc3 61. Bf7 e5 62. Bg6 Bd4 63. Kf5 Ba1 64. Bf7 Bd4 65. Ke4 Ba1 66. Be8 Bd4 67. Bf7 Ba1 68. Bg6 Bd4 69. Kf5 Ba1 70. Ke4 Bd4 1/2-1/2

[Event "December 12 Early 2023"]
[Site "https://www.chess.com"]
[Date "2023.12.12"]
[Round "10"]
[White "Kopczynski, Michal"]
[Black "Borawski, Jakub"]
[Result "0-1"]
[Board "104"]
[TimeControl "180+1"]
[WhiteFideId "1124200"]
[BlackFideId "1143000"]
[WhiteElo "2536"]
[BlackElo "2235"]
[WhiteTeam "POL"]
[BlackTeam "POL"]
[WhiteClock "0:00:00"]
[BlackClock "0:00:11"]

1. e4 e5 2. Nf3 Nc6 3. Bb5 a6 4. Ba4 Nf6 5. d3 d6 6. h3 g6 7. O-O Bg7 8. c3 b5 9. Bc2 O-O 10. a4 Bb7 11. axb5 axb5 12. Rxa8 Bxa8 13. Be3 Re8 14. Qd2 d5 15. Bg5 dxe4 16. dxe4 Qxd2 17. Nbxd2 h6 18. Be3 Bb7 19. Nb3 Bf8 20. Rd1 Nd8 21. Nbd2 Bd6 22. Bxh6 Ne6 23. Be3 Ra8 24. Ng5 Nc5 25. f3 Kg7 26. b4 Na4 27. Nb1 Nb2 28. Rc1 Nc4 29. Bf2 Nh5 30. Bb3 Nf4 31. Rd1 f6 32. g3 fxg5 33. gxf4 gxf4 34. Bxc4 bxc4 35. Nd2 Ra3 36. Rc1 Ba6 37. Bh4 Ra2 38. Nf1 Bc8 39. Rd1 Bxh3 40. Nd2 Be6 41. Nb1 Kh6 42. Bd8 g5 43. Rd2 Ra1 44. Rb2 g4 45. fxg4 Bxg4 46. Kf2 Bd1 47. Nd2 Bb3 48. Nxb3 cxb3 49. Rxb3 Ra2+ 50. Kf3 Rc2 51. Ra3 Kg6 52. Rb3 Kf7 53. b5 Ke8 54. Bf6 Kf7 55. Bh4 Bc5 56. Kg4 Ke6 57. Bd8 Bb6 58. c4 Rxc4 59. Kf3 Rd4 0-1

[Event "December 12 Early 2023"]
[Site "https://www.chess.com"]
[Date "2023.12.12"]
[Round "10"]
[White "Chernomordik, Pavel"]
[Black "Barath1308"]
[Result "0-1"]
[Board "105"]
[TimeControl "180+1"]
[WhiteFideId "2804530"]
[WhiteElo "2473"]
[BlackElo "2383"]
[WhiteTeam "ISR"]
[WhiteClock "0:00:05"]
[BlackClock "0:01:07"]

1. e4 c5 2. Nc3 d6 3. f4 Nc6 4. Nf3 g6 5. Bb5 Bg7 6. O-O e6 7. Bxc6+ bxc6 8. d3 Ne7 9. Be3 O-O 10. e5 Nf5 11. Bf2 Rb8 12. b3 h5 13. Qd2 Nd4 14. Nxd4 cxd4 15. Bxd4 dxe5 16. Bxe5 Bxe5 17. fxe5 Qd4+ 18. Kh1 Qxe5 19. Rae1 Qg7 20. Ne4 f5 21. Nc5 e5 22. Qa5 Rb5 23. Qc3 e4 24. d4 Rd8 25. Rd1 Rd5 26. Qe3 Rd8 27. c4 Rb8 28. Qf4 Bd7 29. Qc7 e3 30. Rfe1 f4 31. Qxf4 Bg4 32. Rd3 e2 33. h3 Rf8 34. Qc1 Qf6 35. hxg4 Qh4+ 36. Kg1 Qf2+ 37. Kh2 hxg4 38. Rg3 Rf5 39. Rh3 gxh3 40. Rg1 Rh5 0-1

[Event "December 12 Early 2023"]
[Site "https://www.chess.com"]
[Date "2023.12.12"]
[Round "10"]
[White "Turzo, Attila"]
[Black "Munoz Sanchez, Miguel"]
[Result "1-0"]
[Board "106"]
[TimeControl "180+1"]
[WhiteFideId "704954"]
[BlackFideId "3600734"]
[WhiteElo "2470"]
[BlackElo "2343"]
[WhiteTeam "HUN"]
[BlackTeam "ECU"]
[WhiteClock "0:00:10"]
[BlackClock "0:00:00"]

1. d4 Nf6 2. Bf4 g6 3. Nf3 Bg7 4. c3 O-O 5. Nbd2 c5 6. dxc5 b6 7. cxb6 Qxb6 8. Qb3 Nc6 9. Qxb6 axb6 10. e4 d6 11. Bb5 Na7 12. Bd3 Be6 13. O-O Nc6 14. a3 Nh5 15. Be3 Rfb8 16. Nd4 Bd7 17. Nxc6 Bxc6 18. Nb3 e5 19. Rfd1 Nf4 20. f3 Ba4 21. Bc2 Bh6 22. Kf2 Bf8 23. Rd2 Ra7 24. Rad1 Rd7 25. Nc1 Bxc2 26. Rxc2 Ne6 27. Na2 f5 28. Nb4 Nc5 29. Nc6 Re8 30. b4 Na4 31. c4 fxe4 32. fxe4 Rf7+ 33. Ke2 Be7 34. Rf1 Rxf1 35. Kxf1 Kf7 36. Ke2 Ke6 37. b5 Ra8 38. Kd3 Nc5+ 39. Bxc5 dxc5 40. Rc3 Bg5 41. Kc2 Bf4 42. h3 h5 43. Kb3 g5 44. Rd3 g4 45. a4 Rf8 46. a5 bxa5 47. b6 1-0

[Event "December 12 Early 2023"]
[Site "https://www.chess.com"]
[Date "2023.12.12"]
[Round "10"]
[White "Goncalves, Davi Sulzbacher"]
[Black "Storn, Justin"]
[Result "0-1"]
[Board "107"]
[TimeControl "180+1"]
[WhiteFideId "2154510"]
[BlackFideId "30922720"]
[WhiteElo "2463"]
[BlackElo "2342"]
[WhiteTeam "BRA"]
[BlackTeam "USA"]
[WhiteClock "0:00:02"]
[BlackClock "0:00:17"]

1. e4 c6 2. d4 d5 3. e5 c5 4. c3 Nc6 5. Nf3 cxd4 6. cxd4 Bg4 7. Be2 e6 8. O-O Qb6 9. Be3 Nge7 10. Nc3 Nf5 11. Na4 Qc7 12. Rc1 Nxe3 13. fxe3 Be7 14. Qe1 O-O 15. Qg3 Bf5 16. Nc3 f6 17. Nh4 fxe5 18. Nxf5 Rxf5 19. Rxf5 exf5 20. Nxd5 Qd6 21. Nxe7+ Qxe7 22. d5 Nd8 23. Bc4 Kh8 24. Bb3 Nf7 25. Qe1 Nd6 26. Qa5 b6 27. Qa6 g5 28. Rc6 f4 29. Qe2 e4 30. Qd2 Qe5 31. Rc7 Rf8 32. exf4 gxf4 33. Rxa7 f3 34. Qf2 e3 35. Qg3 f2+ 36. Kf1 e2# 0-1

[Event "December 12 Early 2023"]
[Site "https://www.chess.com"]
[Date "2023.12.12"]
[Round "10"]
[White "IranianCheetah"]
[Black "Liu, Casper"]
[Result "1-0"]
[Board "108"]
[TimeControl "180+1"]
[BlackFideId "1454153"]
[WhiteElo "2340"]
[BlackElo "2442"]
[BlackTeam "DEN"]
[WhiteClock "0:00:44"]
[BlackClock "0:01:01"]

1. e4 c6 2. d4 d5 3. Nd2 dxe4 4. Nxe4 Bf5 5. Ng3 Nd7 6. Nxf5 Qa5+ 7. c3 Qxf5 8. Bd3 Qd5 9. Nf3 O-O-O 10. O-O e5 11. dxe5 Kb8 12. Bf4 Ka8 13. Qe2 Nb6 14. c4 Qd7 15. Rad1 Bc5 16. Bg6 Qc8 17. Bxf7 Ne7 18. e6 Nf5 19. Qe5 Bd6 20. Qxf5 g6 21. Qe4 Be7 22. b3 Rxd1 23. Rxd1 Rd8 24. Rxd8 Qxd8 25. h3 Nc8 26. Qd4 Qa5 27. Qd7 1-0

[Event "December 12 Early 2023"]
[Site "https://www.chess.com"]
[Date "2023.12.12"]
[Round "10"]
[White "Aalto, Patrik"]
[Black "Tarasova, Viktoriya"]
[Result "1/2-1/2"]
[Board "109"]
[TimeControl "180+1"]
[WhiteFideId "510726"]
[BlackFideId "4175840"]
[WhiteElo "2441"]
[BlackElo "2318"]
[WhiteTeam "FIN"]
[BlackTeam "RUS"]
[WhiteClock "0:00:46"]
[BlackClock "0:01:01"]

1. c4 e5 2. Nc3 Nf6 3. g3 Bb4 4. Bg2 O-O 5. Qb3 a5 6. a3 Bc5 7. e3 c6 8. Nge2 Re8 9. O-O e4 10. Qc2 d6 11. Nxe4 Nxe4 12. Bxe4 h6 13. d4 Ba7 14. b3 Nd7 15. Bb2 Nf6 16. Bg2 Bg4 17. h3 Bd7 18. Kh2 Qc8 19. c5 Bf5 20. Qc1 d5 21. Nf4 Be4 22. Qd1 g5 23. Nd3 Bxg2 24. Kxg2 Qe6 25. Ne5 Bb8 26. f4 gxf4 27. exf4 Ne4 28. Qe2 f5 29. Kh2 Kh7 30. g4 Rg8 31. Rg1 Bc7 32. Raf1 Raf8 33. Bc1 Bxe5 34. fxe5 fxg4 35. Rxg4 Rxf1 36. Qxf1 Rxg4 37. hxg4 Qxg4 38. Qf7+ Qg7 39. Qf5+ Qg6 40. Qd7+ Qg7 41. Qf5+ Qg6 42. Qd7+ Qg7 43. Qf5+ 1/2-1/2

[Event "December 12 Early 2023"]
[Site "https://www.chess.com"]
[Date "2023.12.12"]
[Round "10"]
[White "Filipovic, Slobodan J"]
[Black "Tuleyeva-Aketayeva, Dana"]
[Result "0-1"]
[Board "110"]
[TimeControl "180+1"]
[WhiteFideId "939633"]
[BlackFideId "13701932"]
[WhiteElo "2418"]
[BlackElo "2321"]
[WhiteTeam "SRB"]
[BlackTeam "KAZ"]
[WhiteClock "0:00:00"]
[BlackClock "0:00:53"]

1. c4 Nf6 2. Nc3 d5 3. cxd5 Nxd5 4. e4 Nxc3 5. dxc3 Qxd1+ 6. Kxd1 e5 7. Bc4 Bc5 8. Ke2 Ke7 9. b4 Bb6 10. Nf3 f6 11. a4 a5 12. Ba3 Ke8 13. b5 Nd7 14. Nd2 Bc5 15. Bb2 Nb6 16. Bd3 Be6 17. Rhc1 Ke7 18. c4 Nd7 19. Nb3 b6 20. Nxc5 Nxc5 21. Ba3 Kf7 22. Bxc5 bxc5 23. Rab1 Rab8 24. Ke3 Rb6 25. Be2 Rd8 26. Rd1 Rd4 27. Rxd4 exd4+ 28. Kd3 f5 29. Bf3 g5 30. exf5 Bxf5+ 31. Be4 Kf6 32. Bxf5 Kxf5 33. Re1 Re6 34. Rxe6 Kxe6 35. Ke4 h5 36. f3 Kf6 37. g3 Ke6 38. f4 gxf4 39. Kxf4 Kf6 40. h3 Kg6 41. Ke4 Kg5 42. Kd3 Kf5 43. Ke2 Ke4 0-1

[Event "December 12 Early 2023"]
[Site "https://www.chess.com"]
[Date "2023.12.12"]
[Round "10"]
[White "Arshiya Das"]
[Black "Begunov, Konstantin"]
[Result "0-1"]
[Board "111"]
[TimeControl "180+1"]
[WhiteFideId "25652150"]
[BlackFideId "4118510"]
[WhiteElo "2226"]
[BlackElo "2414"]
[WhiteTeam "IND"]
[BlackTeam "RUS"]
[WhiteClock "0:00:06"]
[BlackClock "0:00:13"]

1. e4 c5 2. Nf3 d6 3. d4 cxd4 4. Nxd4 Nf6 5. Nc3 a6 6. f4 e5 7. Nf3 Nbd7 8. a4 Be7 9. Bc4 O-O 10. O-O Qc7 11. Bd3 Nc5 12. Kh1 Re8 13. Qe1 Bf8 14. fxe5 dxe5 15. Bg5 Nh5 16. Nd5 Qd6 17. Qh4 Nxd3 18. cxd3 Nf4 19. Nxf4 exf4 20. Ne1 Qd4 21. Rb1 Qxa4 22. Qxf4 Be6 23. Nf3 Bc5 24. Rfd1 Bd4 25. Nxd4 Qxd4 26. Bh4 Bb3 27. Bf2 Qe5 28. Qxe5 Rxe5 29. Rdc1 Rd8 30. Rc3 Be6 31. Bg3 Rb5 32. h3 h6 33. Kh2 Rd4 34. Bf2 Rdb4 35. Rc2 Ba2 36. Rbc1 Rxb2 37. Rxb2 Rxb2 38. Kg3 Be6 39. Kf3 a5 40. Ra1 b6 41. Be3 Bb3 42. g4 Bc2 43. Bd4 Rb3 44. Ke3 Bxd3 45. Kf4 Bc4 46. Rd1 a4 47. Ra1 a3 48. Rc1 b5 49. Ra1 Rd3 50. Ke5 a2 51. Bc5 Rd2 52. h4 Rg2 53. Kf4 Be6 54. g5 hxg5+ 55. hxg5 Rg4+ 56. Ke3 Rg3+ 57. Kf4 Rb3 58. Bd4 Rb4 59. Bc5 Rb1 60. Rxa2 Bxa2 61. Ke3 Be6 62. Kd2 g6 63. Kc2 Rb3 64. Bd4 Rg3 65. Bf6 b4 66. Kb2 b3 67. Kb1 Rg2 68. Be5 Bc4 69. Bf6 Bd3+ 70. Ka1 Bxe4 71. Be5 Ra2# 0-1

[Event "December 12 Early 2023"]
[Site "https://www.chess.com"]
[Date "2023.12.12"]
[Round "10"]
[White "Zivic, Dragan"]
[Black "Pertinez Soria, Juan Luis"]
[Result "1-0"]
[Board "112"]
[TimeControl "180+1"]
[WhiteFideId "904740"]
[BlackFideId "2225620"]
[WhiteElo "2404"]
[BlackElo "2222"]
[WhiteTeam "SRB"]
[BlackTeam "ESP"]
[WhiteClock "0:01:50"]
[BlackClock "0:00:47"]

1. c4 e5 2. Nc3 Nf6 3. Nf3 Nc6 4. g3 d5 5. d4 exd4 6. Nxd4 dxc4 7. Nxc6 Qxd1+ 8. Nxd1 bxc6 9. Bg2 Bb7 10. O-O Bd6 11. Ne3 c3 12. bxc3 Nd5 13. Nxd5 cxd5 14. Rd1 c6 15. c4 O-O-O 16. cxd5 cxd5 17. Bxd5 Bxd5 18. Rxd5 h5 19. Be3 h4 20. Rad1 Bb8 21. Rxd8+ Rxd8 22. Rxd8+ Kxd8 23. Kg2 hxg3 24. fxg3 f5 25. h4 Kd7 26. Kf3 g6 27. Bf4 Bd6 28. Bxd6 Kxd6 29. Kf4 Ke6 30. e4 fxe4 31. Kxe4 Kf6 32. Kf4 Ke6 33. Kg5 Kf7 34. Kh6 Kf6 35. g4 Kf7 36. g5 a6 37. a3 a5 38. a4 Ke6 39. Kxg6 Kd5 40. h5 Kc4 41. h6 Kb4 42. h7 Kxa4 43. h8=Q Kb3 44. Kf5 a4 45. g6 a3 46. g7 a2 47. g8=Q+ 1-0

[Event "December 12 Early 2023"]
[Site "https://www.chess.com"]
[Date "2023.12.12"]
[Round "10"]
[White "Subramanian, Anusha"]
[Black "Skaric, Djuro"]
[Result "0-1"]
[Board "113"]
[TimeControl "180+1"]
[WhiteFideId "477710"]
[BlackFideId "934569"]
[WhiteElo "2085"]
[BlackElo "2396"]
[WhiteTeam "ENG"]
[BlackTeam "SRB"]
[WhiteClock "0:00:02"]
[BlackClock "0:01:20"]

1. e4 d6 2. d4 g6 3. Be3 Bg7 4. c4 Nf6 5. Nc3 O-O 6. Bd3 Nc6 7. Qd2 e5 8. d5 Ne7 9. f4 Ne8 10. O-O-O f5 11. exf5 Nxf5 12. fxe5 Nxe3 13. Qxe3 Bxe5 14. Nge2 Bg4 15. Kb1 b5 16. h3 bxc4 17. Bxc4 Bf5+ 18. Bd3 Bxd3+ 19. Rxd3 Nf6 20. Nd4 Qe8 21. Ne6 Rf7 22. Ng5 Re7 23. Ne6 Rb8 24. Re1 Nxd5 25. Nxd5 Rxe6 26. Rb3 Rxb3 27. axb3 Qf7 28. Rc1 c5 29. Qd3 Kg7 30. Qc4 Re8 31. g4 Qf2 32. Rc2 Qe1+ 33. Rc1 Qf2 34. Rc2 Qg1+ 35. Rc1 Qh2 36. Rc2 Qxh3 37. Qb5 Rf8 38. Qd7+ Rf7 39. Qe6 Qf1+ 40. Rc1 Qd3+ 41. Ka2 Qd2 42. Rb1 Qa5# 0-1